 Dungeon Crawl Stone Soup version 0.17.2-1-ge4368a0 (webtiles) character file.

11 tidbits the Insei (level 2, -8/22 HPs)
             Began as a Demigod Transmuter on Sept 25, 2017.
             Mangled by an iron imp (11 damage)
             ... summoned by Natasha
             ... on level 2 of the Dungeon.
             The game lasted 00:01:46 (294 turns).

tidbits the Insei (Demigod Transmuter)               Turns: 294, Time: 00:01:46

Health: -8/22      AC:  2    Str: 13    XL:     2   Next: 3%
Magic:  0/7        EV: 12    Int: 17    God:
Gold:   21         SH:  0    Dex: 16    Spells: 2 memorised, 2 levels left

rFire  . . .     SeeInvis .       - Unarmed
rCold  . . .     Clarity  .     b - +0 robe
rNeg   . . .     SustAt   +     (no shield)
rPois  .         Gourm    .     (no helmet)
rElec  .         Spirit   .     (no cloak)
rCorr  .         Warding  .     (no gloves)
rMut   .         Stasis   .     (boots currently unavailable)
MR     .....                    (no amulet)
Stlth  +.........               (no ring)
                                (no ring)

@: appendage, not resistant to hostile enchantments, very unstealthy
A: talons 3, high mp 1, sustain attributes
a: End Transformation


You were on level 2 of the Dungeon.
You were not hungry.
You had grown temporary talons.
You visited 1 branch of the dungeon, and saw 2 of its levels.

You collected 21 gold pieces.

Inventory:

Missiles
 a - 38 arrows
 g - 15 stones (quivered)
Armour
 b - a +0 robe (worn)
Scrolls
 e - a scroll of random uselessness {unknown}
 f - a scroll of amnesia {unknown}
Books
 c - a book of Changes

   Spells                             Type                      Level
   a - Beastly Appendage              Transmutation                1
   b - Sticks to Snakes               Transmutation                2
   c - Spider Form                    Transmutation/Poison         3
   d - Ice Form                       Ice/Transmutation            4
   e - Blade Hands                    Transmutation                5
Comestibles
 d - a bread ration


   Skills:
 - Level 0.8 Fighting
 - Level 1.7 Dodging
 * Level 2.8 Unarmed Combat
 - Level 2.1 Spellcasting
 + Level 2.0 Transmutations


You had 2 spell levels left.
You knew the following spells:

 Your Spells              Type           Power        Failure   Level  Hunger
e - Beastly Appendage     Trmt           #.....       10%         1    #......
k - Sticks to Snakes      Trmt           #.........   14%         2    ###....


Dungeon Overview and Level Annotations

Branches:
Dungeon (2/15)

Annotations:
D:2 Natasha


Innate Abilities, Weirdness & Mutations

You have an increased reservoir of magic (+10% MP).
Your attributes are resistant to harm.
You have claws for feet.


Message History

Your Transmutations skill increases to level 2!
You have reached level 2!
Memorise Sticks to Snakes, consuming 2 spell levels and leaving 2?
You start memorising the spell.
You continue memorising.
You continue memorising.
You finish memorising.
Spell assigned to 'k'.
Wield which item (- for none, * to show all)? (? for menu, Esc to quit)
a - 41 arrows (in hand)
Your horns disappear.
You swing at nothing.
You swing at nothing.
You swing at nothing.
You swing at nothing.
You swing at nothing.
You swing at nothing.
You swing at nothing.
You swing at nothing.
You swing at nothing.
You swing at nothing.
You swing at nothing.
You swing at nothing.
You swing at nothing.
You swing at nothing.
You swing at nothing.
You swing at nothing.
You swing at nothing.
You swing at nothing.
You swing at nothing.
You swing at nothing.
You swing at nothing.
You swing at nothing.
You swing at nothing.
You swing at nothing.
You swing at nothing.
You swing at nothing.
You swing at nothing.
You swing at nothing.
You swing at nothing.
You swing at nothing.
Wield which item (- for none, * to show all)? (? for menu, Esc to quit)
You are now empty-handed.
A kobold and Natasha come into view.
Natasha hisses angrily.
Natasha drinks a potion.
Natasha seems to speed up.
Natasha casts a spell at you. The magic dart hits you!
* * * LOW HITPOINT WARNING * * *
You aren't carrying any potions.
Unknown command.
Read which item? (? for menu, Esc to quit)
Okay, then.
Casting: Beastly Appendage
Confirm with . or Enter, or press ? or * to list all spells.
You create a snake!
Casting: Sticks to Snakes
Confirm with . or Enter, or press ? or * to list all spells.
You create a snake!
Natasha casts a spell at you.
Your ball python seems to slow down.
Casting: Sticks to Snakes
Confirm with . or Enter, or press ? or * to list all spells.
You create a snake!
Natasha closely misses your ball python. x2
Casting: Sticks to Snakes
Confirm with . or Enter, or press ? or * to list all spells.
Your feet morph into talons.
Natasha mumbles some strange words.
Natasha claws your ball python.
Your ball python misses Natasha.
Your ball python misses Natasha.
Natasha casts a spell at you.
Your ball python seems to slow down.
You swap places.
Something barely misses Natasha.
Something closely misses Natasha.
Your ball python bites Natasha.
Your ball python barely misses Natasha.
Natasha closely misses you.
Something misses Natasha.
Something barely misses Natasha.
You closely miss Natasha. You claw Natasha, but do no damage.
Natasha is lightly wounded.
Natasha claws you.
* * * LOW HITPOINT WARNING * * *
Your ball python closely misses Natasha. x2
Your ball python bites the iron imp but does no damage.
Your ball python grabs the iron imp.
Your ball python constricts the iron imp.
The iron imp hits you.
* * * LOW HITPOINT WARNING * * *
Something barely misses Natasha.
Something closely misses Natasha.
You aren't carrying any potions.
Unknown command.
You barely miss Natasha. You claw Natasha.
Natasha is moderately wounded.
Natasha claws you but does no damage.
Your ball python bites Natasha but does no damage.
Your ball python grabs Natasha.
Your ball python constricts Natasha.
Natasha barely misses you.
Something bites Natasha but does no damage.
Your ball python bites the iron imp but does no damage.
Your ball python constricts the iron imp.
The iron imp hits you!
Ouch! That really hurt!
You die...

#<.# ###
##.###..
#..##.# K...#
##.##.# ....#
#..#.# ....###
##.#.# ......
#...# ....#
##..##....##.
#.S@S.......
#.5#h......#
......S........
####..........#
##.#........
......#..##
###....#..#
....# .# ##..##
#


You could see an iron imp, Natasha and 2 friendly ball pythons.

Vanquished Creatures
  An adder (D:2)
  A bat (D:1)
  A hobgoblin (D:1)
  A giant cockroach (D:1)
4 creatures vanquished.

Notes
Turn   | Place    | Note
--------------------------------------------------------------
     0 | D:1      | tidbits the Demigod Transmuter began the quest for the Orb.
     0 | D:1      | Reached XP level 1. HP: 15/15 MP: 5/5
   239 | D:2      | Reached skill level 2 in Spellcasting
   239 | D:2      | Reached skill level 2 in Transmutations
   239 | D:2      | Reached XP level 2. HP: 10/22 MP: 4/7
   243 | D:2      | Learned a level 2 spell: Sticks to Snakes
   283 | D:2      | Noticed Natasha
   294 | D:2      | Mangled by an iron imp

Action                   || total
-------------------------++-------
Melee: Unarmed           ||    35
 Cast: Beastly Appendage ||     5
       Sticks to Snakes  ||     3

Table legend:
 A = Turns spent in this place as a percentage of turns spent in the entire game.
 B = Non-inter-level travel turns spent in this place as a percentage of non-inter-level travel turns spent in the entire game.
 C = Inter-level travel turns spent in this place as a percentage of turns spent in this place.
 D = Turns resting spent in this place as a percentage of non-inter-level travel turns spent in this place.
 E = Turns spent auto-exploring this place as a percentage of non-inter-level travel turns spent in this place.
 F = Non-inter-level travel turns spent in this place divided by the number of levels of this place that you've seen.
                   A       B       C       D       E      F
               +-------+-------+-------+-------+-------+----------------------
         Total | 100.0 | 100.0 |   0.0 |   0.0 |   0.0 | 119.5
       Dungeon | 100.0 | 100.0 |   0.0 |   0.0 |   0.0 | 119.5
               +-------+-------+-------+-------+-------+----------------------

Table legend:
 A = Kills in this place as a percentage of kills in entire the game.
 B = Kills by you in this place as a percentage of kills by you in the entire game.
 C = Kills by friends in this place as a percentage of kills by friends in the entire game.
 D = Other kills in this place as a percentage of other kills in the entire game.
 E = Experience gained in this place as a percentage of experience gained in the entire game.
 F = Experience gained in this place divided by the number of levels of this place that you have seen.
                   A       B       C       D       E      F
               +-------+-------+-------+-------+-------+----------------------
         Total | 100.0 | 100.0 |  -nan |  -nan | 100.0 |   8.0
       Dungeon | 100.0 | 100.0 |  -nan |  -nan | 100.0 |   8.0
               +-------+-------+-------+-------+-------+----------------------

Vault maps used:
D:1:      minmay_arrival_cross
D:2:      lemuel_crystal_altar, kennysheep_generic_room_6, uniq_natasha,
          uniq_sigmund, uniq_terence
